Map: 프리온 단구

Players

Apocalypse - Winner!

  • Race: Terran Terran

LiquidMaNa (MaNa)

  • Race: Protoss Protoss

Event: Gauntlet LotV Series 1 Qualifier 1

VOD

Have the link to the VOD?

Description

Time

  • Played on: Nov. 22, 2015, 3:38 p.m.
  • Length: 13:24

All games in this series

Show
View Real Time Build Order
Export as new Build Order

Apocalypse Terran - Winner!

Build Orders: Reaper Expand, MMM Bio 

Get SALT Encoding   

  12  0:01  SCV  
  13  0:13  SCV  
  14  0:17  Supply Depot  
  14  0:25  SCV  
  15  0:39  SCV  
  15  0:40  Barracks  
  16  0:43  Refinery  
  16  0:51  SCV  
  17  1:03  SCV  
  18  1:15  SCV  
  19  1:27  Orbital Command  
  19  1:28  Reaper  
  20  1:39  Command Center  
  20  1:48  Supply Depot  
  20  1:53  SCV  
  21  2:00  Barracks Reactor  
  21  2:06  SCV  
  22  2:14  Barracks  
  22  2:16  Barracks  
  22  2:18  SCV  
  23  2:30  SCV  
  24  2:37  Marine x2  
  24  2:42  SCV  
  27  2:47  Factory  
  27  2:51  Orbital Command  
  27  2:54  SCV  
  27  2:57  Refinery, Marine  
  29  2:59  Marine  
  29  3:02  Barracks Tech Lab  
  29  3:03  Marine  
  31  3:07  SCV  
  32  3:18  SCV  
  32  3:19  SCV  
  34  3:22  Stimpack, Marine  
  34  3:25  Supply Depot  
  34  3:26  Marine  
  36  3:28  Marine  
  36  3:30  SCV  
  38  3:37  Starport  
  37  3:42  SCV  
  37  3:43  Marine  
  37  3:45  Marine x2  
  37  3:48  Factory Reactor, Marine  
  42  3:55  SCV  
  42  3:56  SCV  
  42  3:59  Supply Depot  
  42  4:01  Marine  
  45  4:03  Marine x2  
  45  4:08  SCV x2  
  49  4:11  Engineering Bay  
  49  4:14  Refinery  
  49  4:20  SCV x2, Supply Depot  
  51  4:26  Marauder, Marine x2  
  51  4:28  Marine  
  56  4:32  SCV  
  56  4:34  Medivac  
  56  4:38  Medivac  
  61  4:40  SCV  
  61  4:44  Terran Infantry Weapons Level 1, SCV  
  63  4:47  Marine x3  
  63  4:52  SCV, Marauder  
  69  4:55  Supply Depot  
  69  4:59  SCV  
  70  5:04  Supply Depot  
  70  5:07  Barracks Tech Lab  
  70  5:16  Marine x2  
  70  5:17  SCV x2, Marauder  
  70  5:18  Missile Turret  
  76  5:25  Widow Mine  
  76  5:27  Combat Shields, Marauder  
  76  5:28  Concussive Shells  
  80  5:29  SCV  
  80  5:30  Medivac  
  80  5:45  Marine  
  81  5:51  Barracks  
  81  5:54  Barracks  
  81  5:56  Medivac  
  73  6:09  Marine  
  73  6:10  Marine  
  73  6:11  SCV  
  72  6:22  Command Center, SCV  
  72  6:23  Marine  
  72  6:24  Medivac, Marauder  
  76  6:25  Factory Reactor  
  76  6:27  Marine  
  76  6:31  SCV  
  78  6:32  Refinery  
  78  6:35  Supply Depot x3  
  78  6:37  Medivac  
  78  6:38  Terran Infantry Armor Level 1  
  80  6:41  SCV, Marauder  
  80  6:42  Barracks Reactor  
  80  6:43  SCV, Barracks Tech Lab  
  80  6:44  Supply Depot  
  84  6:50  Marine  
  84  6:51  Marine  
  86  6:57  SCV, Marauder  
  89  7:02  Marauder, Widow Mine x2  
  89  7:03  Marauder  
  97  7:08  Marine x2  
  97  7:11  Supply Depot  
  97  7:13  SCV x2  
  101  7:18  Marauder, Marine  
  104  7:23  Supply Depot, Marine  
  104  7:24  Supply Depot, Marine  
  104  7:25  SCV  
  104  7:28  Armory, Engineering Bay  
  107  7:30  Marine  
  107  7:35  Orbital Command  
  109  7:37  SCV  
  109  7:40  Marauder  
  109  7:46  Marine  
  109  7:47  Marauder  
  109  7:49  SCV x2, Marine  
  109  7:50  Marauder  
  114  7:54  Widow Mine x2  
  114  7:57  Medivac  
  120  7:58  Medivac  
  120  8:01  Supply Depot, Marauder  
  124  8:09  Marauder, Marine x2  
  124  8:10  SCV  
  124  8:12  Refinery  
  127  8:13  Refinery, Marine x2  
  127  8:14  Marauder  
  131  8:22  Marine  
  131  8:26  Marine x2  
  133  8:28  Terran Infantry Weapons Level 2  
  133  8:30  Marine  
  133  8:31  Marine x2  
  137  8:34  Terran Infantry Armor Level 2  
  137  8:35  Marauder, Liberator  
  137  8:40  Marine  
  140  8:44  Supply Depot, Marine x2  
  142  8:48  Marauder  
  142  8:49  Marine x2  
  149  8:57  Marauder  
  149  8:58  Marauder  
  149  9:02  Liberator, Marine  
  145  9:06  Marine  
  145  9:07  Marine  
  145  9:09  Marine  
  137  9:10  Marauder  
  137  9:18  Marauder  
  137  9:19  Marauder  
  137  9:20  Marine  
  137  9:22  Terran Ship Weapons Level 1  
  145  9:24  Marine x2  
  145  9:27  Marine  
  145  9:28  Barracks  
  150  9:31  Marauder  
  150  9:32  Barracks  
  150  9:34  Barracks  
  150  9:38  Marine  
  147  9:39  Marauder  
  147  9:40  Marine  
  147  9:42  Marine x2  
  147  9:45  Marine  
  153  9:46  Supply Depot  
  153  9:52  Marine  
  140  9:55  Marine  
  140  9:57  Medivac  
  140  9:58  Marine  
  130  10:00  Marine x3  
  130  10:02  Medivac, Marine  
  127  10:10  Marauder  
  127  10:13  Marine  
  116  10:16  Marauder  
  116  10:18  Marine x2  
  116  10:19  Marine, Marauder  
  116  10:20  Marine x2  
  116  10:23  Marine  
  116  10:24  Liberator  
  116  10:27  Medivac  
  117  10:31  Marine  
  117  10:32  Widow Mine, Marauder  
  122  10:35  Marine  
  122  10:36  Marine  
  122  10:38  Marauder  
  130  10:43  Barracks Reactor, Barracks Tech Lab  
  130  10:46  Barracks Tech Lab  
  130  10:48  Marine x2  
  130  10:49  Marine  
  132  10:51  Command Center  
  132  10:53  Marauder  
  132  10:55  Marine x2  
  134  10:59  Marauder  
  136  11:05  Marine  
  136  11:06  Marine  
  136  11:07  Marine  
  130  11:15  Marine x2, Marauder x2  
  130  11:17  Marine, Medivac  
  139  11:20  Marine x2  
  139  11:24  Medivac  
  143  11:29  Starport  
  143  11:37  Marauder, Marine x4  
  143  11:38  Marauder  
  148  11:44  Liberator x2  
  137  11:51  Marine  
  137  11:53  Marine x3  
  137  11:54  Marine, Marauder  
  133  11:55  Marine x3  
  133  11:59  Marauder x2  
  147  12:10  Missile Turret  
  143  12:17  Planetary Fortress  
  143  12:22  Marine  
  129  12:23  Marauder  
  129  12:27  Marauder, Marine x2  
  129  12:29  Marauder, Marine x2  
  127  12:36  Starport Reactor  
  118  12:38  Marine x2  
  118  12:40  Marine  
  118  12:41  Marauder  
  116  12:44  Marine x2  
  116  12:48  Medivac  
  116  12:49  Marine x3, Marauder  
  116  12:51  Marauder  
  119  12:56  Marine x2  
  119  12:58  Marine  
  112  13:02  Marine x3  
Show
View Real Time Build Order
Export as new Build Order

LiquidMaNa Protoss 

Build Orders: 1 Gate Expand, Blink Stalkers 

Get SALT Encoding   

  12  0:01  Probe (Chrono Boost)  
  13  0:14  Pylon  
  13  0:17  Probe (Chrono Boost)  
  14  0:27  Probe (Chrono Boost)  
  15  0:33  Gateway  
  15  0:38  Probe (Chrono Boost)  
  16  0:48  Probe (Chrono Boost)  
  17  1:08  Nexus  
  18  1:15  Probe (Chrono Boost), Assimilator  
  18  1:25  Cybernetics Core  
  18  1:29  Probe (Chrono Boost)  
  19  1:37  Assimilator  
  19  1:39  Probe (Chrono Boost)  
  20  1:45  Pylon  
  20  1:50  Probe (Chrono Boost)  
  21  2:00  Probe (Chrono Boost)  
  22  2:02  Stalker (Chrono Boost)  
  24  2:12  Probe (Chrono Boost)  
  24  2:20  Probe (Chrono Boost)  
  25  2:24  Mothership Core (Chrono Boost)  
  27  2:30  Warp Gate  
  27  2:32  Probe (Chrono Boost)  
  27  2:35  Adept (Chrono Boost)  
  30  2:42  Probe x2 (Chrono Boost)  
  31  2:51  Probe  
  31  2:53  Probe  
  33  3:02  Probe  
  36  3:05  Adept (Chrono Boost)  
  36  3:06  Probe (Chrono Boost)  
  36  3:09  Twilight Council  
  37  3:13  Probe (Chrono Boost)  
  37  3:17  Assimilator  
  37  3:18  Probe (Chrono Boost)  
  39  3:24  Probe (Chrono Boost)  
  40  3:28  Probe (Chrono Boost)  
  40  3:30  Robotics Facility  
  41  3:35  Probe (Chrono Boost)  
  41  3:39  Probe (Chrono Boost)  
  43  3:45  Probe (Chrono Boost)  
  42  3:49  Probe (Chrono Boost), Blink (Chrono Boost)  
  42  3:54  Probe  
  43  3:58  Assimilator  
  43  4:01  Probe, Pylon  
  45  4:05  Probe  
  46  4:10  Pylon  
  46  4:19  Observer  
  46  4:20  Probe  
  48  4:24  Probe  
  48  4:29  Gateway  
  48  4:30  Gateway x2  
  49  4:32  Probe  
  49  4:35  Probe  
  49  4:36  Pylon  
  51  4:42  Sentry  
  51  4:44  Probe, Observer  
  51  4:45  Probe  
  56  4:53  Pylon  
  56  4:55  Forge  
  56  4:56  Probe x2  
  58  5:05  Observer  
  59  5:09  Stalker, Probe  
  59  5:10  Probe  
  63  5:15  Pylon  
  63  5:25  Sentry  
  63  5:26  Stalker x2  
  69  5:29  Immortal  
  69  5:30  Pylon, Protoss Ground Armor Level 1 (Chrono Boost)  
  69  5:32  Probe  
  69  5:33  Probe  
  69  5:42  Adept  
  69  5:45  Probe  
  69  5:46  Probe  
  71  5:50  Adept  
  71  5:51  Adept x2  
  75  5:59  Probe  
  75  6:03  Probe  
  67  6:07  Stalker  
  67  6:10  Immortal  
  64  6:16  Stalker x2, Probe  
  64  6:18  Probe  
  66  6:31  Mothership Core  
  68  6:35  Assimilator  
  68  6:40  Pylon  
  68  6:41  Sentry  
  68  6:44  Resonating Glaives (Chrono Boost)  
  70  6:52  Pylon  
  70  6:58  Immortal  
  70  7:00  Probe  
  73  7:02  Probe  
  73  7:06  Photon Cannon  
  73  7:08  Adept  
  77  7:10  Adept  
  77  7:11  Adept x2  
  77  7:14  Pylon  
  83  7:19  Pylon  
  83  7:20  Protoss Ground Armor Level 2 (Chrono Boost)  
  83  7:33  Stalker x2  
  83  7:36  Stalker  
  89  7:37  Observer  
  90  7:50  Sentry  
  88  7:57  Gateway, Adept x2  
  92  8:00  Adept  
  92  8:02  Immortal (Chrono Boost)  
  98  8:14  Pylon  
  98  8:15  Stalker  
  98  8:18  Stalker  
  102  8:34  Adept  
  102  8:35  Adept  
  102  8:39  Nexus  
  110  8:41  Immortal (Chrono Boost)  
  110  8:49  Pylon  
  110  8:51  Pylon  
  110  9:06  Adept x4  
  110  9:07  Probe  
  107  9:16  Immortal (Chrono Boost)  
  111  9:28  Adept x3  
  117  9:39  Adept  
  117  9:40  Adept  
  108  9:54  Adept x2  
  94  10:08  Stalker x3  
  82  10:22  Immortal (Chrono Boost)  
  82  10:26  Sentry x2  
  88  10:32  Protoss Ground Weapons Level 1 (Chrono Boost)  
  88  10:33  Gateway  
  88  10:35  Gateway  
  88  10:36  Sentry  
  88  10:37  Sentry x2  
  88  10:42  Assimilator  
  94  10:45  Assimilator  
  94  10:55  Adept x2  
  98  10:58  Gateway  
  98  10:59  Probe  
  98  11:00  Immortal (Chrono Boost)  
  98  11:01  Probe  
  97  11:08  Adept x2  
  98  11:13  Adept  
  100  11:20  Stalker  
  100  11:23  Stalker  
  104  11:30  Adept x2  
  106  11:37  Zealot  
  106  11:39  Zealot  
  98  11:47  Zealot x2  
  102  11:56  Immortal (Chrono Boost)  
  106  12:04  Stalker x2  
  110  12:14  Stalker x2  
  92  12:24  Adept x2  
  92  12:26  Probe  
  92  12:28  Probe  
  76  12:40  Immortal (Chrono Boost)  
  76  12:47  Adept x2  
  70  12:58  Adept x2  
  62  13:16  Sentry  
  62  13:18  Sentry  
Tags
 
Add a new tag
Caveats
  • Supply blocks, unpowered buildings, or Contaminate may cause inaccurate times.
  • Supply counts are checked every 10 seconds.